Bolgrim, lawful male dwarven Priest -------- #########@i......# # # |......|# # ## |......|# # ...`...|# ` --------# ## ### ##### # #### ----------.-----#####%##### |..............-# ##### |..............| # |..............+ . |..............| ---------------- Bolgrim the Acolyte Experience level: 4 Strength: 12 Dexterity: 13 Constitution: 14 Intelligence: 16 Wisdom: 10 Charisma: 13 Health: 0(38) Energy: 39(39) Def: 3 Gold: 324 Moves: 1880 Dungeon seed: BdVqVRwhhAgtt5DT Game ID: Bolgrim_1543414371 Your Inventory: Coins $ - 324 gold pieces Weapons a - a blessed +1 mace (weapon in hand) j - a blessed +0 mace m - 10 uncursed +0 silver arrows Armor e - an uncursed +0 robe (being worn) n - an uncursed +0 small shield (being worn) Comestibles c - an uncursed clove of garlic d - an uncursed sprig of wolfsbane p - an uncursed orange Scrolls s - an uncursed scroll of scare monster w - an uncursed scroll of scare monster Spellbooks g - an uncursed spellbook of healing h - an uncursed spellbook of extra healing i - an uncursed spellbook of protection v - an uncursed spellbook of force bolt Potions b - 4 potions of holy water k - an uncursed potion of gain energy l - an uncursed potion of object detection Wands f - an uncursed wand of cancellation (0:1) y - an uncursed wand of enlightenment (0:14) Gems q - 4 uncursed worthless pieces of blue glass r - an uncursed worthless piece of yellowish brown glass Spells and supernatural/magical abilities: Name Level Category Fail Memory a - force bolt 1 attack 0% 97% h - healing 1 healing 0% 91% p - protection 1 clerical 0% 91% x - extra healing 3 healing 90% 91% W - pray for help -- divine ? -- X - turn undead -- divine ? -- Your skills at the end: Miscellaneous Skills shield [Basic] wands [Basic] Weapon Skills pick-axe [Basic] mace [Basic] Spellcasting Skills clerical spells [Basic] Final Attributes: You were devoutly aligned. You had infravision. You were stealthy. You are dead. Vanquished creatures: 3 human zombies a wererat a coyote 3 geckos 2 yellow molds 8 manes a gnome zombie 2 jackals a kobold 8 newts a goblin 2 sewer rats a grid bug 3 lichens 37 creatures vanquished. Voluntary challenges: You did not adorn yourself with jewelry or accessories. You did not cause conflict. You were not invisible. You did not have reflection. You were not displaced. You used a wielded weapon 41 times, starting on turn 115. You did not use tools. You did not use plumbed fixtures. You did not drink any magical draughts. You read items or engraved 3 times, starting on turn 1201. You never genocided any monsters. You never polymorphed an object. You never changed form. You used no wishes. You never split a pudding. You never wrote Elbereth's name. You never violated your personal moral code. Dungeon overview: The Dungeons of Doom: levels 1 to 7 Level 1 a long staircase Level 2 Level 3 a long staircase Level 4 a fountain Level 7 <- You were here History has recorded: On T:1 you entered the Dungeons of Doom to retrieve the Amulet of Yendor! On T:450 you reached level 2 of The Dungeons of Doom. On T:569 you advanced to experience level 2. On T:908 you reached level 3 of The Dungeons of Doom. On T:1023 you prayed to Mitra. On T:1067 you advanced to experience level 3. On T:1114 you reached level 4 of The Dungeons of Doom. On T:1738 you reached level 7 of The Dungeons of Doom. On T:1774 you advanced to experience level 4. Score breakdown: Gold: 324 ( 32 points) Experience: 4 levels ( 300 points) Exploration: 7 levels ( 180 points) Discoveries: 7 items ( 350 points) Variety of kills: 14 monsters ( 700 points) Major goal: (nothing yet) ( 0 points) Survival: died (score multiplied by 3) Total score: 4686 Latest messages: The spell hits the wererat! You kill the wererat! You see here an uncursed human corpse. You see here an uncursed statue of a rock piercer. y - an uncursed zinc wand. You hit the quasit! The quasit turns to flee! Something is written here in the dust. You read: "/la| was ?e?e". You are beginning to feel hungry. My, that was a yummy melon! You finish eating the melon. You try to move the boulder, but in vain. (2x) The quasit claws you! (2x) The quasit bites! The quasit claws you! (2x) The quasit bites! You hit the quasit! The quasit claws you! (2x) You die... Final status: Goodbye Bolgrim the Priest, killed by a quasit... You died in The Dungeons of Doom on dungeon level 7 with 4686 points, and 324 pieces of gold, after 1880 moves. You were level 4 with a maximum of 38 hit points when you died.